 Dungeon Crawl Stone Soup version 0.30.1 (webtiles) character file.

Game seed: 18233848689934901040

58 Sabo the Chopper (level 3, -8/28 HPs)
             Began as a Demonspawn Gladiator on July 9, 2023.
             Mangled by Sigmund
             ... wielding a +0 scythe
              (10 damage)
             ... on level 2 of the Dungeon.
             The game lasted 00:03:35 (915 turns).

Sabo the Chopper (Demonspawn Gladiator)              Turns: 915, Time: 00:03:36

Health: -8/28      AC:  9    Str: 16    XL:     3   Next: 75%
Magic:  3/3        EV:  8    Int:  9    God:
Gold:   90         SH:  0    Dex: 14    Spells: 2/2 levels left

rFire   . . .        a - +0 war axe
rCold   . . .        (no shield)
rNeg    . . .        g - +0 chain mail
rPois   .            c - +0 helmet
rElec   .            (no cloak)
rCorr   .            (no gloves)
SInv    .            (no boots)
Will    .....        (no amulet) Stlth
                     (no ring)
HPRegen 0.24/turn    (no ring)
MPRegen 0.08/turn

%: no passive effects
@: no status effects
A: ignite blood 1, weakness stinger 1
a: no special abilities


You were on level 2 of the Dungeon.
You visited 1 branch of the dungeon, and saw 2 of its levels.

You collected 90 gold pieces.

Inventory:

Hand Weapons
 a - a +0 war axe (weapon)
Missiles
 d - 3 throwing nets (quivered)
 e - a javelin
 h - 2 silver javelins
Armour
 c - a +0 helmet (worn)
 g - a +0 chain mail (worn)
Scrolls
 b - a scroll of silence {unknown}
 i - a scroll of enchant armour {unknown}
 j - a scroll of identify {unknown}
 k - a scroll of fog {unknown}
 m - a scroll of enchant weapon {unknown}
Potions
 f - 2 potions of flight {unknown}
 l - a potion of heal wounds {unknown}
 n - a potion of haste {unknown}
 o - 2 potions of curing {unknown}
 p - a potion of attraction {unknown}


   Skills:
 + Level 2.5 Fighting
 + Level 3.6 Axes
 + Level 1.8 Throwing
 + Level 0.8 Armour
 + Level 3.0 Dodging


You had 2 spell levels left.
You didn't know any spells.
Your spell library was empty.

Dungeon Overview and Level Annotations

Branches:
Dungeon (2/15)

Altars:

Annotations:
D:2 Sigmund


Innate Abilities, Weirdness & Mutations

Your demonic aura sometimes causes spilled blood to erupt in flames.
You have a small tail.


Message History

The giant cockroach bites you but does no damage.
The giant cockroach barely misses you.
You hit the giant cockroach.
The giant cockroach is heavily wounded.
The giant cockroach waves its antennae.
The giant cockroach closely misses you.
The giant cockroach bites you but does no damage.
You hit the giant cockroach.
You kill the giant cockroach!
You see here a giant cockroach corpse.
Found an escape hatch in the floor.
n - a bubbling grey potion
o - 2 bubbling purple potions
Found a sedimented green potion.
p - a sedimented green potion Sigmund the Dreaded comes into view.
He is wielding a +0 scythe and wearing a +1 robe of willpower.
Sigmund shouts!
A kobold comes into view. It is wielding a +0 dagger.
The kobold shouts!
Sigmund casts a spell at you. The magic dart hits you.
Found 2 gold pieces and a small marble ring.
Sigmund casts a spell at you. The puff of flame hits you!
Sigmund points at you and mumbles some strange words.
The magic dart hits you!
An adder comes into view.
Sigmund gestures wildly while chanting.
Sigmund flickers and vanishes!
Deactivating autopickup; reactivate with Ctrl-A.
The kobold hits you with a +0 dagger.
You hit the kobold.
You kill the kobold!
Something hits you!
* * * LOW HITPOINT WARNING * * *
The adder closely misses you.
Things that are here:
a +0 dagger; a kobold corpse You hit something.
You miss the adder. Something hits you!
You die...

.## =.### # ##....
# #. ##...# ##
#.##....# ...
#.S{....#..#
#@....$.. #.#
#°#..###.#.#...#.#
#..............#.#
###..###.#.#..##.#
#..# .....##.#
#..# #.##.##.#
#..# #.##.##.#
#..#####.##.##†.
#.....>........#


You could see an adder.

Vanquished Creatures
  2 adders (D:2)
  A worm (D:2)
  7 bats (D:1)
  2 endoplasms
  3 giant cockroaches
  A hobgoblin (D:1)
  2 jackals (D:2)
  5 kobolds
  A quokka (D:1)
  5 ball pythons (D:1)
  3 goblins (D:2)
  3 rats
35 creatures vanquished.

Notes
Turn   | Place    | Note
-------+----------+-------------------------------------------
     0 | D:1      | Sabo the Demonspawn Gladiator began the quest for the Orb.
     0 | D:1      | Reached XP level 1. HP: 16/16 MP: 1/1
     8 | D:1      | Found a faded altar of an unknown god.
   174 | D:1      | Gained mutation: You have a small tail. [demonic ancestry]
   174 | D:1      | Reached XP level 2. HP: 20/22 MP: 2/2
   529 | D:2      | Gained mutation: Your demonic aura sometimes causes spilled
                  | blood to erupt in flames. [demonic ancestry]
   529 | D:2      | Reached XP level 3. HP: 6/28 MP: 3/3
   907 | D:2      | Noticed Sigmund
   913 | D:2      | HP: 1/28 [something (8)]
   915 | D:2      | Mangled by Sigmund

Illustrated notes

Levels and vault maps discovered:
D:1:      tarquinn_simple_flora_water_f, layout_rooms, basic_ecumenical_altar
D:2:      layout_loops_ring, uniq_sigmund

Skill      XL: |  1  2 |
---------------+-------+-----
Dodging        | 3 |  3.0
Axes           | 3 |  3.6
Fighting       | |  2.5
Throwing       | |  1.8
Armour         | |  0.8

Action                     || total
---------------------------++-------
  Melee: War axe           ||   100
         Punch             ||     1
         Tailslap          ||     5
 Armour: Leather armour    ||    16
         Chain mail        ||    58
  Dodge: Dodged            ||    61
